 Dungeon Crawl Stone Soup version 0.21.1-1-g345015f (webtiles) character file.

209 equalderp2856 the Shield-Bearer (level 5, 0/47 HPs)
             Began as a Minotaur Fighter on Apr 29, 2018.
             Killed by divine providence
             ... invoked by an orc priest
              (16 damage)
             ... on level 3 of the Dungeon.
             The game lasted 00:03:32 (1845 turns).

equalderp2856 the Shield-Bearer (Minotaur Fighter)  Turns: 1845, Time: 00:03:33

Health: 0/47       AC:  7    Str: 20    XL:     5   Next: 55%
Magic:  4/4        EV:  8    Int:  5    God:
Gold:   188        SH: 10    Dex: 11    Spells: 4/4 levels left

rFire    . . .     SeeInvis .   a - +0 war axe
rCold    . . .     Gourm    +   c - +0 shield
rNeg     . . .     Faith    .   b - +0 scale mail
rPois    .         Spirit   .   (helmet restricted)
rElec    .         Reflect  .   (no cloak)
rCorr    .         Harm     .   (no gloves)
MR       .....                  (no boots)
Stlth    ..........             e - amulet of the gourmand
HPRegen  0.15/turn              (no ring)
MPRegen  0.09/turn              (no ring)

@: no status effects
A: retaliatory headbutt, horns 2
a: no special abilities


You were on level 3 of the Dungeon.
You were not hungry.

You visited 1 branch of the dungeon, and saw 3 of its levels.
You also visited: Sewer.

You collected 188 gold pieces.

Inventory:

Hand Weapons
 a - a +0 war axe (weapon)
Armour
 b - a +0 scale mail (worn)
 c - a +0 shield (worn)
 j - a +0 pair of boots
Jewellery
 e - an amulet of the gourmand (around neck)
 n - a +2 amulet of reflection {unknown}
Scrolls
 h - a scroll of amnesia
 i - a scroll of blinking {unknown}
 l - 2 scrolls of identify {unknown}
 m - 2 scrolls of teleportation {unknown}
Potions
 d - 2 potions of berserk rage {unknown}
 g - a potion of curing {unknown}
 k - a potion of resistance {unknown}
Comestibles
 f - 7 rations


   Skills:
 + Level 4.5 Fighting
 + Level 4.4 Axes
 + Level 4.4 Armour
 + Level 1.4 Dodging
 + Level 0.1 Stealth
 + Level 5.0 Shields


You had 4 spell levels left.
You didn't know any spells.

Dungeon Overview and Level Annotations

Branches:
Dungeon (3/15)

Altars:
Gozag


Innate Abilities, Weirdness & Mutations

You reflexively headbutt those who attack you in melee.
You have a pair of horns on your head.


Message History

An orc comes into view. It is wielding a flail.
You slash the orc!
You kill the orc!
The orc hits you with a mace.
An orc priest comes into view. It is wielding a whip.
You slash the orc!
You kill the orc!
You slash the orc!
You kill the orc!
The orc priest calls down the wrath of Beogh upon you.
Beogh smites you!
* * * LOW HITPOINT WARNING * * *
A kobold comes into view. It is wielding a short sword.
The kobold throws a stone.
The stone hits you but does no damage. The rat misses you.
You furiously retaliate!
You headbutt the rat!
You kill the rat!
Found a stone staircase leading down.
The orc priest invokes the aid of Beogh against you.
Beogh smites you!
You die...

).##....# #......#
[.......# #......#
.)......###......#
#.##.............###.#
#.##†................#
#.##.###....####.###.#
#.##.###...o####.....#
?.........K..o.......##
########....####@##.....#
#########.##.###.###
#...............
....######..##.####..# #
.. #......#.##.......
###.###..#.#.....#..
#.....##†#.#..# ....
#####<.....#..##.#..
#.##......#.....


You could see an orc priest, an orc and a kobold.

Vanquished Creatures
  Purgy (Sewer)
  An adder (D:2)
  2 oozes
  5 worms (D:3)
  4 dart slugs
  7 orcs (D:3)
  2 giant cockroaches (D:2)
  5 goblins
  6 hobgoblins
  2 quokkas
  13 bats
  6 frilled lizards
  4 kobolds
  8 rats
66 creatures vanquished.

Notes
Turn   | Place    | Note
-------+----------+-------------------------------------------
     0 | D:1      | equalderp2856 the Minotaur Fighter began the quest for the Orb.
     0 | D:1      | Reached XP level 1. HP: 19/19 MP: 0/0
   194 | D:1      | Reached XP level 2. HP: 27/27 MP: 1/1
   272 | D:1      | Reached skill level 4 in Shields
   775 | D:2      | Found an opulent altar of Gozag.
   803 | D:2      | Reached XP level 3. HP: 32/33 MP: 2/2
  1280 | D:3      | Reached XP level 4. HP: 36/40 MP: 3/3
  1383 | D:3      | Found a glowing drain.
  1419 | Sewer    | Entered a sewer
  1583 | Sewer    | Noticed Purgy
  1589 | Sewer    | Killed Purgy
  1589 | Sewer    | Reached skill level 1 in Dodging
  1589 | Sewer    | Reached skill level 5 in Shields
  1589 | Sewer    | Reached XP level 5. HP: 47/47 MP: 4/4
  1845 | D:3      | Killed from afar by an orc priest

Skill      XL: |  1  2  3  4 |
---------------+-------------+-----
Armour         | 4 |  4.4
Shields        | 4 5 |  5.0
Axes           | 3 4 |  4.4
Fighting       | 4 |  4.5
Dodging        | 1 |  1.4
Stealth        | |  0.1

Action                   |  1- 3 |  4- 6 || total
-------------------------+-------+-------++-------
Melee: War axe           |   112 |    63 ||   175
       Headbutt          |     9 |     7 ||    16
  Use: Scroll            |     1 |       ||     1
       Potion            |       |     1 ||     1
  Eat: Chunk             |     3 |       ||     3
Armor: Scale mail        |    52 |    27 ||    79
Dodge: Dodged            |    37 |    24 ||    61
Block: Shield            |    71 |    40 ||   111
